 Dungeon Crawl Stone Soup version 0.16-a0-3636-gf0307c9 (webtiles) character file.

6 MackTheKnife the Caller (level 1, 0/10 HPs)
             Began as a Felid Wanderer on Jan 15, 2015.
             Slain by a jackal (3 damage)
             ... on level 1 of the Dungeon.
             The game lasted 00:01:03 (140 turns).

MackTheKnife the Caller (Felid Wanderer)             Turns: 140, Time: 00:01:04

Health: 0/10       AC:  1    Str:  7    XL:     1   Next: 75%
Magic:  2/3        EV: 15    Int: 13    God:
Gold:   39         SH:  0    Dex: 16    Spells: 1 memorised, 2 levels left
                                        Lives:  0   Deaths: 0

rFire  . . .     SeeInvis +     (weapon unavailable)
rCold  . . .     Clarity  .     (armour unavailable)
rNeg   . . .     SustAb   .     (shield unavailable)
rPois  .         Gourm    .     (helmet unavailable)
rElec  .         Spirit   .     (cloak unavailable)
rCorr  .         Warding  .     (gloves unavailable)
rMut   .         Stasis   .     (boots unavailable)
MR     .....                    (no amulet)
Stlth  +++.......               (no ring)
                                (no ring)

@: quick, not resistant to hostile enchantments, fairly stealthy
A: paw claws, no armour, no weapons or thrown items, fangs 3, see invisible,
carnivore 3, speed 1, shaggy fur 1, slow metabolism 1
a: no special abilities


You were on level 1 of the Dungeon.
You were full.

You visited 1 branch of the dungeon, and saw 1 of its levels.

You collected 39 gold pieces.


Innate Abilities, Weirdness & Mutations

You cannot wear armour.
You are incapable of wielding weapons or throwing items.
Your paws have sharp claws.
You have razor-sharp teeth.
You have supernaturally acute eyesight.
You are carnivorous and can eat meat at any time.
You cover ground quickly.
You are covered in fur (AC +1).
You have a slow metabolism.


   Skills:
 - Level 3.0 Fighting
 - Level 2.6 Stealth
 + Level 1.5 Spellcasting
 + Level 3.1 Summonings
   Level 1.0 Ice Magic


You had 2 spell levels left.
You knew the following spells:

 Your Spells              Type           Power        Failure   Level  Hunger
z - Summon Small Mammal   Summ           #...         10%         1    ##.....

Inventory:

Potions
 a - 2 potions of resistance {unknown}
 b - 2 potions of heal wounds
 e - a potion of restore abilities {unknown}
Books
 c - the Almanac of the Snowflakes

   Spells                             Type                      Level
   a - Throw Frost                    Conjuration/Ice              2
   b - Ensorcelled Hibernation        Hexes/Ice                    2
 d - the Reference Book on the Escort

   Spells                             Type                      Level
   a - Summon Small Mammal            Summoning                    1
   b - Call Canine Familiar           Summoning                    3
Comestibles
 g - a meat ration

. #. .. . . ... #.
.#.###..........# #.
.......#?.......[#####.
........#...............
........#...............
........#...............
.......bh#...>.......#...
.......bh##..........##..
##.......h...............
...###.>............###.
# #...............#..
#..................
######..........#.#
#.............
#.£...........
#............


You could see 2 jackals and 2 friendly bats.


Message History

The ball python is heavily wounded.
Your bat hits the ball python. x2
The ball python dies!
The bat closely misses you.
You scratch the bat.
The bat is moderately wounded.
The bat misses you. The bat hits you.
A jackal comes into view.
A jackal comes into view.
The bat completely misses you. The kobold misses you.
The jackal moves out of view.
A jackal comes into view.
You see here a ball python corpse.
You closely miss the kobold. Your bat hits the bat. The kobold misses you.
The jackal barely misses you.
You closely miss the kobold.
The jackal bites you but does no damage.
The kobold hits you with a club.
You scratch the kobold.
You kill the kobold!
Your bat hits the bat. The bat closely misses you. The jackal misses you.
The jackal barely misses you.
You miss the bat.
The bat is severely wounded.
The bat is no longer bleeding.
The bat hits you.
Your bat hits the bat.
The bat dies!
The jackal bites you.
* * * LOW HITPOINT WARNING * * *
You barely miss the jackal. The jackal bites you.
You die...

Action                   || total
-------------------------++-------
Melee: Unarmed           ||    22
 Cast: Summon Small Mamm ||     3
 Stab: Sleeping          ||     1
  Eat: Chunk             ||     2

Vault maps used:
D:1:      dpeg_arrival_prison

Notes
Turn   | Place    | Note
--------------------------------------------------------------
     0 | D:1      | MackTheKnife, the Felid Wanderer, began the quest for the Orb.
     0 | D:1      | MackTheKnife set off with: a potion of heal wounds, the Almanac of the Snowflakes, the Reference Book on the Escort, a meat ration
     0 | D:1      | Reached XP level 1. HP: 10/10 MP: 3/3
     0 | D:1      | Identified the Almanac of the Snowflakes
     0 | D:1      | Identified the Reference Book on the Escort
     2 | D:1      | Learned a level 1 spell: Summon Small Mammal
   140 | D:1      | Slain by a jackal

Vanquished Creatures
  A bat (D:1)
  A kobold (D:1)
  4 rats (D:1)
6 creatures vanquished.

Vanquished Creatures (collateral kills)
  A ball python (D:1)
  A bat (D:1)
2 creatures vanquished.

Grand Total: 8 creatures vanquished
